 Dungeon Crawl Stone Soup version 0.27-a0-1202-ge72e49191c (webtiles) character file.

Game seed: 2232763476557758089

100 27snakeeyes612 the Skirmisher (level 4, -4/42 HPs)
             Began as a Naga Fighter on June 3, 2021.
             Killed by nerve-wracking pain
             ... invoked by Grinder
              (14 damage)
             ... while paralysed by Grinder
             ... on level 3 of the Dungeon.
             The game lasted 00:02:06 (2413 turns).

27snakeeyes612 the Skirmisher (Naga Fighter)        Turns: 2413, Time: 00:02:07

Health: -4/42      AC:  8    Str: 19    XL:     4   Next: 74%
Magic:  4/4        EV:  1    Int:  8    God:
Gold:   120        SH:  0    Dex: 11    Spells: 3/3 levels left

rFire    . . .     SeeInvis +   j - +0 war axe (venom)
rCold    . . .     Faith    .   c - +0 kite shield
rNeg     . . .     Spirit   .   b - +0 scale mail
rPois    +         Reflect  .   e - +2 helmet
rElec    .         Harm     .   (no cloak)
rCorr    .         Rampage  .   (no gloves)
Will     .....                  (no barding)
Stlth    ..........             (no amulet)
HPRegen  0.14/turn              (no ring)
MPRegen  0.09/turn              (no ring)

@: paralysed, very slow
A: AC +1, large, see invisible, deformed body, poison resistance, slowness 2,
spit poison 1, naga tail 1
a: Spit Poison


You were on level 3 of the Dungeon.
You visited 1 branch of the dungeon, and saw 3 of its levels.

You collected 120 gold pieces.

Inventory:

Hand Weapons
 a - a +0 war axe
 g - a +3 war axe
 j - a +0 war axe of venom (weapon)
Armour
 b - a +0 scale mail (worn)
 c - a +0 kite shield (worn)
 e - a +2 helmet (worn)
Scrolls
 h - a scroll of identify {unknown}
 k - a scroll of immolation {unknown}
Potions
 d - a potion of might
 f - a potion of curing {unknown}
 i - a potion of flight {unknown}


   Skills:
 + Level 3.4 Fighting
 + Level 3.2 Axes
 + Level 3.1 Armour
 + Level 0.4 Dodging
 + Level 2.7 Shields


You had 3 spell levels left.
You didn't know any spells.
Your spell library was empty.

Dungeon Overview and Level Annotations

Branches:
Dungeon (3/15)

Altars:
Sif Muna

Annotations:
D:3 Grinder, Ijyb


Innate Abilities, Weirdness & Mutations

Your serpentine skin is tough. (AC +1)
You have supernaturally acute eyesight. (SInv)
Armour fits poorly on your strangely shaped body.
Your system is resistant to poisons. (rPois)
You cover ground very slowly.
You can spit poison.
You have a snake-like lower body.


Message History

Found a stone staircase leading down.
You now have 120 gold pieces (gained 9).
There is a stone staircase leading down here.
Grinder is nearby!
Grinder is nearby!
Grinder shouts!
You hear a shout!
Grinder blinks!
An orc comes into view. It is wielding a +0 trident.
Grinder barely misses you.
You closely miss Grinder.
The orc shouts!
You block Grinder's attack.
You closely miss Grinder. Grinder hits you.
You writhe in agony.
An orc comes into view. It is wielding a +0 trident.
Grinder hits you but does no damage.
Unknown command.
Abil: Spit Poison
Press: ? - help, Q - select action Shift-Dir - straight line, f - Grinder
Aim: Grinder The splash of poison hits Grinder but does no damage.
The orc shouts!
A hobgoblin comes into view.
You block Grinder's attack. You block Grinder's attack.
The orc hits you from afar with a +0 trident.
Grinder hits you but does no damage.
There is a stone staircase leading down here.
Unknown command.
You have got your breath back.
Grinder gestures at you. You resist with significant effort.
The orc hits you from afar with a +0 trident.
Grinder gestures at you.
You suddenly lose the ability to move!
Grinder hits you!
You writhe in agony.
The orc hits you from afar with a +0 trident!
* * * LOW HITPOINT WARNING * * *
Grinder gestures at you. Pain shoots through your body!
You die...

## #.#... ...## ##. ##
#.#..# ... .... .# #.#..#
##.## .###r##.#
#.#..#####.o.##.##...g..#
#.#........g....##......#.
###.#
##.##.#####.>.#....<...<...
....###..##.# ##.##
###......##
######.#.##.######o#
......?..#
#####.###.......@5.#
###.#.##.#
..†....#.##.######## # ..
.# #######..##... ... ##
##.####.# ... #.# .# ##..
#.# # #.# #####.# #...†.#


You could see Grinder and an orc.

Vanquished Creatures
  Robin (D:3)
  2 adders
  A worm (D:2)
  A dart slug (D:2)
  4 bats
  4 endoplasms
  4 giant cockroaches (D:1)
  13 goblins
  11 hobgoblins
  3 jackals (D:1)
  4 quokkas
  2 ball pythons (D:1)
  A frilled lizard (D:1)
  3 kobolds
  3 rats (D:1)
57 creatures vanquished.

Notes
Turn   | Place    | Note
-------+----------+-------------------------------------------
     0 | D:1      | 27snakeeyes612 the Naga Fighter began the quest for the
                  | Orb.
     0 | D:1      | Reached XP level 1. HP: 21/21 MP: 1/1
    91 | D:1      | Reached XP level 2. HP: 20/28 MP: 2/2
   467 | D:1      | Reached XP level 3. HP: 32/34 MP: 3/3
   621 | D:1      | You fall into a shaft and drop 1 floor!
   937 | D:1      | You fall into a shaft and drop 1 floor!
  1335 | D:1      | Found a faded altar of an unknown god.
  1629 | D:2      | Reached XP level 4. HP: 42/42 MP: 4/4
  1854 | D:3      | Noticed Ijyb
  1855 | D:3      | Noticed Grinder
  2107 | D:3      | Found a shimmering blue altar of Sif Muna.
  2272 | D:3      | Noticed Robin
  2280 | D:3      | Killed Robin
  2411 | D:3      | Paralysed by Grinder for 6 turns
  2413 | D:3      | Killed from afar by Grinder

Illustrated notes

Levels and vault maps discovered:
D:1:      lightli_arrival_quake, layout_basic,
          shapermc_ecumenical_altar_mp_urbaneastern, minmay_misc_feat_square,
          amethyst_killhole
D:2:      layout_loops_ring, wad_floor_pattern_untrapped
D:3:      layout_loops_ring, lemuel_tele_altar, gup_sewer_entry_bowl,
          uniq_grinder, uniq_robin, uniq_terence, uniq_ijyb

Skill      XL: |  1  2  3  4 |
---------------+-------------+-----
Armour         | 3 |  3.1
Axes           | 3 |  3.2
Fighting       | |  3.4
Dodging        | |  0.4
Shields        | |  2.7

Action                   |  1- 3 |  4- 6 || total
-------------------------+-------+-------++-------
Melee: War axe           |   103 |    41 ||   144
 Abil: Spit Poison       |       |     1 ||     1
  Use: Potion            |     1 |       ||     1
Armor: Scale mail        |    54 |    28 ||    82
Dodge: Dodged            |    22 |     9 ||    31
Block: Kite shield       |    68 |    21 ||    89

Table legend: (Time is in decaauts)
 A = Elapsed time spent in this place.
 B = Non-inter-level travel time spent in this place.
 C = Inter-level travel time spent in this place.
 D = Time resting spent in this place.
 E = Time spent auto-exploring this place.
 F = Levels seen in this place.
 G = Mean time per level.
                   A        B        C        D        E       F      G
               +--------+--------+--------+--------+--------+-----+--------+
         Total |   3132 |   2766 |    366 |     49 |   2281 |   3 | 1044.0 |
       Dungeon |   3132 |   2766 |    366 |     49 |   2281 |   3 | 1044.0 |
               +--------+--------+--------+--------+--------+-----+--------+

Top non-repeatable levels by time:
     D:1: 1444 daAuts
     D:2: 1042 daAuts
     D:3: 645 daAuts
